 Dungeon Crawl Stone Soup version 0.32-a0-131-g9dbbe29261 (webtiles) character file.

Game seed: 5895151811482091708

8 Bravepunisher the Ducker (level 2, 16/16 HPs)
             Began as a Spriggan Monk on Feb 8, 2024.
             Quit the game in the Ecumenical Temple.
             The game lasted 00:01:57 (450 turns).

Bravepunisher the Ducker (Spriggan Monk)             Turns: 450, Time: 00:01:58

Health: 16/16      AC:  2    Str:  7    XL:     2   Next: 0%
Magic:  3/3        EV: 19    Int: 11    God:
Gold:   74         SH:  0    Dex: 17    Spells: 1/1 levels left

rFire   . . .        a - +0 short sword
rCold   . . .        (no shield)
rNeg    . . .        b - +0 robe
rPois   .            (helmet restricted)
rElec   .            (no cloak)
rCorr   .            (gloves unavailable)
SInv    +            (boots unavailable)
Will    .....        (no amulet)
Stlth   ++           (no ring)
HPRegen 0.22/turn    (no ring)
MPRegen 0.08/turn

%: no passive effects
@: very quick
A: very small, no large weapons, unfitting armour, see invisible, speed 3
a: no special abilities


You were in the Ecumenical Temple.
You visited 2 branches of the dungeon, and saw 7 of its levels.

You collected 74 gold pieces.

Inventory:

Hand Weapons
 a - a +0 short sword (weapon)
Armour
 b - a +0 robe (worn)
Scrolls
 d - a scroll of fear {unknown}
 f - 2 scrolls of teleportation {unknown}
Potions
 c - 2 potions of ambrosia
 e - a potion of enlightenment {unknown}


   Skills:
 + Level 2.5 Fighting
 - Level 3.2 Short Blades
 * Level 4.5 Dodging


You had one spell level left.
You didn't know any spells.
Your spell library contained the following spells:

 Spells                   Type           Power      Damage    Failure   Level
 Foxfire                  Conj/Fire      0%         2x1d4     34%         1
 Plasma Beam              Fire/Air       0%         2x1d10    100%        6
 Starburst                Conj/Fire      0%         6d3       100%        6


Dungeon Overview and Level Annotations

Branches:
Dungeon (6/15)             Temple (1/1) D:5

Altars:
Ashenzari
Cheibriados
Dithmenos
Elyvilon
Fedhas
Gozag
Hepliaklqana
Nemelex Xobeh
Qazlal
Ru
Sif Muna
Trog
Vehumet
Wu Jian
Yredelemnul


Innate Abilities, Weirdness & Mutations

You are very small and have problems with some larger weapons.
You are too small for most types of armour.
You have supernaturally acute eyesight. (SInv)
You cover ground extremely quickly. (Speed+++)


Message History

You close the door.
As you open the door, it creaks loudly!
There is an open door here.
An orc and a giant cockroach come into view.
An orc comes into view. It is wielding a +0 dagger.
The orc shouts!
You hear a shout!
The orc barely misses you.
An orc wizard comes into view.
It is wielding a +0 dagger and wearing a +1 robe of willpower.
The giant cockroach closely misses you.
An orc comes into view. It is wielding a +0 hand axe.
The giant cockroach attacks as it pursues you!
The giant cockroach misses you.
Found a stone staircase leading down.
There is a stone staircase leading down here.
You climb downwards.
There is a stone staircase leading up here.
f - 2 scrolls labelled DOASYA VEDURAK (gained 1)
Found a stone staircase leading down.
You see here an orb of light.
Found a leather armour.
There is a stone staircase leading down here.
You climb downwards.
The white imp shouts!
Found a scroll labelled ANEONISOEGG.
There is a stone staircase leading up here.
The jelly quivers.
You climb upwards.
There is a stone staircase leading down here.
As you open the door, it creaks loudly!
Found a staircase to the Ecumenical Temple.
There is an open door here.
There is a staircase to the Ecumenical Temple here.
You climb downwards.
Welcome to the Ecumenical Temple!
Found four altars.
Found a staircase back to the Dungeon.
There is a staircase back to the Dungeon here.
There's nothing to close nearby.
Found a hazy altar of Hepliaklqana.
Found a white marble altar of Elyvilon.
Found a sparkling altar of Nemelex Xobeh.
Are you sure you want to abandon this character and quit the game? (Confirm with "yes".)

##### ####.<.####
##_......._##
##...........##
##_..........._##
#...............#
##....#######....##
#_...##§§§§§##..._#
##...##§§§§§§.##@..##
#ß...#§§§§§§§..#...ß#
#....#§§§§§§§.§#....#
#_...#§§§§§§§§.#..._#
#....#§§§§§§§§§#....#
#ß...#..§§§§§§§#...ß#
##...##..§§§§§##...##
#_...##.§§§§##..._#
##....#######....##


There were no monsters in sight!

Vanquished Creatures
  A dart slug (D:4)
  2 endoplasms
  2 quokkas (D:1)
5 creatures vanquished.

Notes
Turn   | Place    | Note
-------+----------+-------------------------------------------
     0 | D:1      | Bravepunisher the Spriggan Monk began the quest for the
                  | Orb.
     0 | D:1      | Reached XP level 1. HP: 11/11 MP: 2/2
   134 | D:1      | You fall into a shaft and drop 1 floor!
   217 | D:4      | Reached XP level 2. HP: 11/16 MP: 3/3
   284 | D:4      | Noticed a bombardier beetle
   318 | D:5      | Entered Level 5 of the Dungeon
   434 | D:5      | Found a staircase to the Ecumenical Temple.
   440 | Temple   | Entered the Ecumenical Temple
   450 | Temple   | Quit the game

Illustrated notes

Levels and vault maps discovered:
D:1:      dpeg_arrival_shrine, layout_rooms,
          shapermc_ecumenical_altar_mp_vishouse, serial_shops,
          nicolae_shop_waterfront
D:2:      layout_loops_ring
D:3:      layout_rooms, serial_shops, nicolae_shop_hallway_plus,
          amcnicky_mini_rare_corridor_liquid, uniq_natasha, uniq_sigmund
D:4:      layout_loops_corners, grunt_temple_overflow_order_and_chaos_1
D:5:      layout_layer_cave, minmay_temple_entry_enclosed_plants,
          uniq_crazy_yiuf_cottage
D:6:      layout_rooms, grunt_decor_mini_mirrors, uniq_eustachio
Temple:   hellmonk_temple_of_storms

Action                     || total
---------------------------++-------
  Melee: Short sword       ||    24
         Punch             ||     1
   Stab: Sleeping          ||     1
 Armour: Robe              ||     5
  Dodge: Dodged            ||    17

Table legend: (Time is in decaauts)
 A = Elapsed time spent in this place.
 B = Non-inter-level travel time spent in this place.
 C = Inter-level travel time spent in this place.
 D = Time resting spent in this place.
 E = Time spent auto-exploring this place.
 F = Levels seen in this place.
 G = Mean time per level.
                   A        B        C        D        E       F      G
               +--------+--------+--------+--------+--------+-----+--------+
         Total |    300 |    300 |      0 |      0 |    175 |   7 |   42.9 |
       Dungeon |    294 |    294 |      0 |      0 |    175 |   6 |   49.0 |
        Temple |      6 |      6 |      0 |      0 |      0 |   1 |    6.0 |
               +--------+--------+--------+--------+--------+-----+--------+

Top non-repeatable levels by time:
     D:4: 98 daAuts
     D:1: 91 daAuts
     D:5: 74 daAuts
     D:3: 26 daAuts
  Temple: 6 daAuts
     D:2: 2 daAuts
     D:6: 1 daAuts
